 Dungeon Crawl Stone Soup version 0.28-a0-991-g956f0ee3d5 (webtiles) character file.

Game seed: 17456695395944107551

12404 sanka the Martial Artist (level 11, -20/98 HPs)
             Began as a Palentonga Transmuter on Dec 4, 2021.
             Was a High Priest of Okawaru.
             Killed from afar by an ophan (69 damage)
             ... with a bolt of fire
             ... on level 1 of the Abyss.
             The game lasted 00:24:37 (8880 turns).

sanka the Martial Artist (Palentonga Transmuter)    Turns: 8880, Time: 00:24:38

Health: -20/98     AC:  8    Str: 10 (13) XL:     11   Next: 62%
Magic:  14/20      EV: 21    Int: 15 (16) God:    Okawaru [*****.]
Gold:   580        SH:  0    Dex: 11 (13) Spells: 12/22 levels left

rFire   x . .      SeeInvis +     - Unarmed
rCold   + + +      Faith    .   (shield currently unavailable)
rNeg    . . .      Spirit   .   (armour currently unavailable)
rPois   +          Reflect  .   (helmet currently unavailable)
rElec   .          Harm     .   (cloak currently unavailable)
rCorr   .          Rampage  .   (gloves currently unavailable)
Will    .....                   (no barding)
Stlth   +.........              e - amulet of regeneration
HPRegen 0.00/turn               i - +4 ring of evasion
MPRegen 0.17/turn               H - +4 ring of evasion

@: brilliant, ice-form, heroic, sick, glowing
A: freezing attack, amphibious, boosted hp, large, rugged brown scales 3, see
invisible, (deformed body), (roll 1), (armoured tail), (reflexive curl)
a: End Transformation, Renounce Religion, Heroism, Finesse, Duel


You were on level 1 of the Abyss.
You worshipped Okawaru.
Okawaru was extremely pleased with you.
You were a creature of crystalline ice.
You visited 1 branch of the dungeon, and saw 10 of its levels.
You visited the Abyss 1 time.

You collected 580 gold pieces.


Innate Abilities, Weirdness & Mutations

You are a creature of crystalline ice.
You have a powerful freezing melee attack.
You are amphibious.
Your maximum health is increased.
Your armour is entirely melded.
You are incapable of wielding weapons or throwing items.
(You are completely covered in rugged brown scales. (AC +3, +7% HP))
You have supernaturally acute eyesight. (SInv)
((Armour fits poorly on your strangely shaped body.))
((You can roll at nearby foes to attack.))
((You have a long armoured tail.))
((You curl defensively after being hit. (AC +7*)))


   Skills:
 + Level 4.2(9.2) Fighting
 + Level 6.5(11.5) Dodging
 * Level 10.8(15.8) Unarmed Combat
 - Level 6.0 Spellcasting
 - Level 10.0 Transmutations
 - Level 4.0 Ice Magic
 - Level 4.0 Invocations


You had 12 spell levels left.
You knew the following spells:

 Your Spells              Type           Power      Damage    Failure   Level
c - Ice Form              Ice/Tmut       38%        N/A       9%          4
x - Spider Form           Tmut/Pois      29%        N/A       5%          3
y - Wereblood             Tmut           51%        N/A       1%          2
z - Beastly Appendage     Tmut           100%       N/A       1%          1

Your spell library contained the following spells:

 Spells                   Type           Power      Damage    Failure   Level
 Freeze                   Ice            96%        1d11      2%          1
 Frozen Ramparts          Ice            48%        1d6       9%          3
 Slow                     Hex            24%        N/A       14%         1
 Confusing Touch          Hex            6%         N/A       41%         3
 Dazzling Flash           Conj/Hex       12%        N/A       41%         3
 Yara's Violent Unravell  Hex/Tmut       14%        3d7       45%         5
 Hailstorm                Conj/Ice       15%        3d5       54%         4
 Agony                    Necr           6%         N/A       99%         5
 Iskenderun's Battlesphe  Conj           6%         2d6       99%         5
 Silence                  Hex/Air        3%         N/A       99%         5
 Iron Shot                Conj/Erth      3%         9d2       100%        6
 Summon Ice Beast         Ice/Summ       Unusable   N/A       N/A         4
 Summon Mana Viper        Hex/Summ       Unusable   N/A       N/A         5
 Monstrous Menagerie      Summ           Unusable   N/A       N/A         7
 Spellforged Servitor     Conj/Summ      Unusable   N/A       N/A         7

Inventory:

Hand Weapons
 k - a +2 dagger of venom
Missiles
 y - 3 curare-tipped darts {=f}
 E - 4 throwing nets {=f}
Armour
 a - a +0 robe (melded)
 G - a +1 robe of willpower
Magical Staves
 j - a staff of air
Jewellery
 c - a ring of ice
 e - an amulet of regeneration (around neck)
 i - a +4 ring of evasion (left front paw)
 x - a ring of ice
 C - a ring of resist corrosion
 H - a +4 ring of evasion (right front paw)
Wands
 q - a wand of iceblast (7)
 s - a wand of paralysis (2)
 t - a wand of flame (51)
 D - a wand of acid (8)
Scrolls
 d - a scroll of enchant weapon {unknown}
 g - 3 scrolls of magic mapping
 m - a scroll of enchant armour
 n - 3 scrolls of teleportation {@r4}
 o - a scroll of vulnerability {!r}
 u - a scroll of fear
 v - 3 scrolls of blinking
 B - a scroll of silence {unknown}
Potions
 b - a potion of resistance {unknown}
 f - a potion of might {unknown}
 h - 2 potions of brilliance
 l - 4 potions of degeneration {!q}
 p - 3 potions of curing {unknown}
 r - 2 potions of lignification {!q}
 w - 2 potions of heal wounds {@q2}
 z - a potion of flight {unknown}
 A - a potion of berserk rage {unknown}
 F - a potion of haste {unknown}
 J - 2 potions of magic {unknown}

Dungeon Overview and Level Annotations

Branches:
Dungeon (10/15)            Temple (0/1) D:7
   Lair: D:8-11         Orc: D:9-12

Altars:
Fedhas
Gozag
Okawaru
Ru
Sif Muna
Vehumet

Shops:
D:7 * D:8

( ..▒ ▒.. .▒ ..▒
▒▒.. . ▒.. ▒▒▒▒▒ ▒
.▒ ▒..▒ ▒.▒..▒....
..▒▒▒▒▒▒▒▒▒. .† .▒
▒...▒..▒▒*.... ...
.X....▒▒..▒▒▒..▒.▒.
.. ▒ ...▒▒
▒#▒▒....▒▒ . ▒ ▒▒ .
▒▒Y#▒....▒. ..
▒G#▒.▒...▒▒ ..▒.
▒..▒...▒. . ▒▒...
▒..▒▒▒▒.... .. ▒
▒.. . .▒ ▒. ▒..
▒▒......▒ . .. ▒
▒▒.▒. ▒.▒ . ▒ ▒▒ .


You could see an ophan and a lurking horror.


Message History

You feel weakened.
You feel dopey.
You feel clumsy.
The ophan calls forth blessed flames!
Blessed fire suddenly surrounds you!
It was a potion of brilliance.
You feel clever all of a sudden.
The ophan calls forth blessed flames!
The large abomination is engulfed in blessed fire.
The large abomination hits you!!
* * * LOW HITPOINT WARNING * * *
It was a potion of heal wounds.
The large abomination is engulfed in blessed fire.
The large abomination barely misses you.
You punch the ophan! You freeze the ophan.
The ophan is severely wounded.
The ophan calls forth blessed flames!
The large abomination is engulfed in blessed fire.
The large abomination is destroyed!
Unknown command.
Unknown command.
You punch the ophan! You freeze the ophan.
The ophan is severely wounded.
The ophan harnesses the cleansing power of fire!
The bolt of fire hits you!!! The fire burns you terribly!
Ouch! That really hurt!
You die...

Action                   |  1- 3 |  4- 6 |  7- 9 | 10-12 || total
-------------------------+-------+-------+-------+-------++-------
Melee: Unarmed           |    77 |   126 |   314 |   284 ||   801
       Tailslap          |     4 |     7 |     5 |     4 ||    20
       Kick              |     7 |     7 |     2 |       ||    16
       Headbutt          |     1 |     7 |     4 |       ||    12
       Punch             |     1 |       |     1 |     2 ||     4
 Cast: Beastly Appendage |    10 |    22 |     6 |       ||    38
       Spider Form       |       |     2 |    28 |    26 ||    56
       Wereblood         |       |     1 |     1 |     7 ||     9
       Ice Form          |       |       |       |     6 ||     6
Invok: Heroism           |       |       |     6 |    18 ||    24
 Abil: Rolling Charge    |     1 |       |     1 |       ||     2
       End Transformatio |       |       |       |     4 ||     4
  Use: Potion            |       |     1 |       |     3 ||     4
       Scroll            |       |     1 |       |     7 ||     8
 Stab: Distracted        |       |       |       |     1 ||     1
Armor: Robe              |    22 |    46 |    16 |     6 ||    90
       Skin              |       |     5 |    10 |    11 ||    26
Dodge: Dodged            |    26 |    56 |   242 |   275 ||   599

Levels and vault maps discovered:
D:1:      nicolae_arrival_washed_ashore, layout_basic, minmay_misc_feat_x,
          minmay_cut_off
D:2:      layout_basic, basic_ecumenical_altar, uniq_jessica
D:3:      wad_woods_stonehenge, layout_basic, uniq_natasha
D:4:      layout_rooms, okawaru_ov_weapons_minmay, serial_bayou_lagoon_a,
          uniq_sigmund
D:5:      layout_basic, serial_rivers, chequers_serial_rivers_micro_b,
          chequers_serial_rivers_micro_c, chequers_serial_rivers_small_3,
          chequers_serial_rivers_micro_b, chequers_serial_rivers_marsh,
          chequers_serial_rivers_micro_a, minmay_increasing_density
D:6:      minmay_chambers_of_threes, layout_rooms, lemuel_doored_altar
D:7:      layout_basic, nicolae_overflow_crystal_walls,
          minmay_temple_entry_glassed_door, nicolae_shop_clearance, uniq_joseph,
          uniq_prince_ribbit1
D:8:      layout_basic, serial_shops, nicolae_shop_behind_doors, minivault_5,
          grunt_ogre_cave
D:9:      layout_roguey, lemuel_tele_altar, fungi_pond_lemuel,
          minmay_stone_trees_medium, chequers_serial_rivers_micro_a, uniq_harold
D:10:     kennysheep_spiral_hall, layout_basic, mainiacjoe_overflow_alcove_2,
          minmay_joined_circles, uniq_nergalle
Abyss:1:  base: D:5, base:
D:5

Notes
Turn   | Place    | Note
-------+----------+-------------------------------------------
     0 | D:1      | sanka the Palentonga Transmuter began the quest for the
                  | Orb.
     0 | D:1      | Reached XP level 1. HP: 16/16 MP: 3/3
   266 | D:1      | Reached XP level 2. HP: 22/22 MP: 5/5
   593 | D:1      | Reached skill level 4 in Unarmed Combat
   957 | D:2      | Reached XP level 3. HP: 26/27 MP: 6/6
  1038 | D:2      | Noticed Jessica
  1058 | D:2      | Killed Jessica
  1257 | D:2      | Found a faded altar of an unknown god.
  1266 | D:2      | Learned a level 2 spell: Wereblood
  1270 | D:2      | Learned a level 3 spell: Spider Form
  1330 | D:2      | Reached XP level 4. HP: 34/34 MP: 5/7
  1387 | D:2      | Reached skill level 5 in Unarmed Combat
  1667 | D:3      | Found a radiant altar of Vehumet.
  1742 | D:3      | Noticed a water moccasin
  1751 | D:3      | Killed a water moccasin
  1752 | D:3      | Reached skill level 6 in Unarmed Combat
  1752 | D:3      | Reached XP level 5. HP: 40/40 MP: 8/8
  1814 | D:3      | Reached skill level 2 in Fighting
  2167 | D:3      | Noticed Natasha
  2171 | D:3      | Killed Natasha
  2480 | D:3      | Noticed Natasha
  2487 | D:3      | Killed Natasha
  2488 | D:3      | Reached skill level 3 in Fighting
  2488 | D:3      | Reached XP level 6. HP: 41/50 MP: 7/9
  2603 | D:4      | Noticed Sigmund
  2632 | D:4      | Killed Sigmund
  2633 | D:4      | Reached skill level 4 in Transmutations
  2722 | D:4      | Gained mutation: You curl defensively after being hit. (AC
                  | +7*) [Palentonga growth]
  2722 | D:4      | Reached XP level 7. HP: 55/55 MP: 4/10
  2724 | D:4      | Reached skill level 5 in Transmutations
  2923 | D:4      | Found an iron altar of Okawaru.
  2931 | D:4      | Became a worshipper of Warmaster Okawaru
  3097 | D:4      | Reached skill level 6 in Transmutations
  3322 | D:5      | Entered Level 5 of the Dungeon
  3432 | D:5      | Noticed a yak
  3433 | D:5      | Noticed a yak
  3434 | D:5      | Noticed a yak
  3437 | D:5      | Noticed a yak
  3440 | D:5      | Noticed a yak
  3448 | D:5      | Killed a yak
  3449 | D:5      | Reached skill level 7 in Transmutations
  3478 | D:4      | Killed a yak
  3478 | D:4      | Reached * piety under Okawaru
  3479 | D:4      | Reached XP level 8. HP: 25/62 MP: 8/11
  3531 | D:4      | Reached skill level 1 in Invocations
  3552 | D:5      | Reached skill level 8 in Transmutations
  3552 | D:5      | Reached skill level 3 in Invocations
  3600 | D:4      | Reached ** piety under Okawaru
  3601 | D:4      | Reached skill level 4 in Invocations
  3625 | D:5      | Reached skill level 2 in Dodging
  3820 | D:5      | Reached skill level 3 in Dodging
  4074 | D:5      | Reached skill level 7 in Unarmed Combat
  4074 | D:5      | Reached XP level 9. HP: 67/67 MP: 8/12
  4442 | D:5      | Learned a level 4 spell: Ice Form
  4479 | D:6      | Reached skill level 4 in Dodging
  4483 | D:6      | Reached *** piety under Okawaru
  4586 | D:6      | Reached skill level 8 in Unarmed Combat
  4594 | D:6      | Reached skill level 5 in Dodging
  4596 | D:6      | Received a gift from Okawaru
  4893 | D:6      | Reached skill level 6 in Dodging
  5104 | D:6      | Found a shimmering blue altar of Sif Muna.
  5371 | D:7      | Reached skill level 9 in Unarmed Combat
  5403 | D:7      | Noticed Joseph
  5422 | D:7      | Killed Joseph
  5423 | D:7      | Reached XP level 10. HP: 66/74 MP: 9/13
  5458 | D:7      | Found a blossoming altar of Fedhas.
  5518 | D:7      | Found Gyineela's CLEARANCE SALE!.
  5633 | D:7      | Noticed Prince Ribbit
  5641 | D:7      | Killed Prince Ribbit
  5714 | D:7      | Found a staircase to the Ecumenical Temple.
  6261 | D:8      | Found Karch's Antique Weapon Boutique.
  6293 | D:8      | Reached skill level 10 in Unarmed Combat
  6400 | D:8      | Reached **** piety under Okawaru
  6401 | D:8      | Reached skill level 1 in Ice Magic
  6981 | D:9      | Noticed Harold
  7000 | D:9      | Killed Harold
  7001 | D:9      | Reached skill level 3 in Spellcasting
  7001 | D:9      | Reached skill level 2 in Ice Magic
  7275 | D:9      | Reached skill level 4 in Spellcasting
  7275 | D:9      | Reached skill level 3 in Ice Magic
  7280 | D:9      | Reached skill level 9 in Transmutations
  7419 | D:9      | Found an opulent altar of Gozag.
  7813 | D:10     | Entered Level 10 of the Dungeon
  8107 | D:10     | Reached XP level 11. HP: 56/80 MP: 11/18
  8112 | D:10     | Reached ***** piety under Okawaru
  8119 | D:10     | Reached skill level 5 in Spellcasting
  8119 | D:10     | Reached skill level 4 in Ice Magic
  8219 | D:10     | Noticed a sixfirhy
  8261 | D:10     | Reached skill level 10 in Transmutations
  8377 | D:10     | Reached skill level 6 in Spellcasting
  8528 | D:10     | Found a sacrificial altar of Ru.
  8617 | D:10     | Noticed a green ugly thing
  8631 | D:10     | Killed a green ugly thing
  8708 | D:10     | Cast into level 1 of the Abyss (orc wizard)
  8829 | Abyss:1  | Identified the +2 lajatang of Broken Luck {pain, rN+}
                  | (Okawaru gifted it to you on level 1 of the Abyss)
  8829 | Abyss:1  | Received a gift from Okawaru
  8835 | Abyss:1  | Reached skill level 4 in Fighting
  8868 | Abyss:1  | Noticed an ophan
  8880 | Abyss:1  | Killed from afar by an ophan

Vanquished Creatures
  Harold (D:9)
  An ugly thing (D:10)
  2 centaur zombies (D:10)
  Joseph (D:7)
  A smoke demon (Abyss:1)
  An orange demon (Abyss:1)
  3 kobold demonologists (D:10)
  An ancient zyme (Abyss:1)
  3 trolls (D:10)
  Prince Ribbit (D:7)
  4 raiju (Abyss:1)
  Sigmund (D:4)
  21 yaks
  3 steam dragons
  A vampire mosquito (D:10)
  2 water moccasins
  2 ice beasts (D:7)
  2 sky beasts (D:6)
  2 black bears
  A necrophage (D:5)
  5 ogres
  7 centaurs
  3 phantoms
  A small abomination (Abyss:1)
  3 kobold brigands
  3 scorpions
  A bullfrog (D:6)
  2 gnoll sergeants
  2 water moccasin zombies
  A water moccasin skeleton (D:5)
  3 killer bees (D:10)
  A howler monkey (D:7)
  2 electric eels (D:10)
  A hound (D:6)
  4 jellies
  3 orc priests
  2 centaur skeletons (D:5)
  Jessica (D:2)
  Natasha (twice) (D:3)
  4 iguanas
  7 orc wizards
  A killer bee zombie (D:8)
  6 gnolls
  10 adders
  A white imp (Abyss:1)
  2 worms
  A dart slug (D:1)
  18 orcs
  9 bats
  7 endoplasms
  4 giant cockroaches
  7 goblins
  8 hobgoblins
  11 kobolds
  6 quokkas
  3 ball pythons
  A frilled lizard (D:3)
  4 rats
211 creatures vanquished.

Vanquished Creatures (others)
  A large abomination (Abyss:1)
  2 fungi (D:9)
  28 plants (D:3)
31 creatures vanquished.

Grand Total: 242 creatures vanquished
